TOP OF THE 1ST |
Chicago Machine batting - Pitching for El Dorado Oilers : RHP Barton Johnson
|
Pitching: RHP Barton Johnson
|
|
Batting: RHB Pablo Sandoval
|
0-0: Called Strike 0-1: Ball 1-1: Foul Ball, location: 2F 1-2: Ground out 5-3 (Groundball, 56S)
|
Batting: SHB Edward Bartlett
|
0-0: Ball 1-0: Ball 2-0: Called Strike 2-1: Foul Ball, location: 2F 2-2: Foul Ball, location: 2F 2-2: SINGLE (Line Drive, 56)
|
Batting: RHB Doug Stephens
|
0-0: Ball Wild Pitch! Edward Bartlett to second 1-0: Ball 2-0: Ground out 6-3 (Groundball, 6)
|
Batting: LHB Tanyu Imai
|
0-0: Called Strike 0-1: Ball 1-1: Called Strike 1-2: Ball 2-2: Foul Ball, location: 2F 2-2: Strikes out looking
|
Top of the 1st over - 0 run(s), 1 hit(s), 0 error(s), 1 left on base; Chicago 0 - El Dorado 0 |
BOTTOM OF THE 1ST |
El Dorado Oilers batting - Pitching for Chicago Machine : RHP Anthony Jackson
|
Pitching: RHP Anthony Jackson
|
|
Batting: RHB José Montoya
|
0-0: Fly out, F3 (Popup, 3L)
|
Batting: LHB Ashley Pickhills
|
0-0: Ball 1-0: Ball 2-0: Called Strike 2-1: Swinging Strike 2-2: Fly out, F9 (Flyball, 9LM)
|
Batting: LHB Al Gaines
|
0-0: Called Strike 0-1: SINGLE (Line Drive, 9S)
|
Batting: RHB Valentín Borges
|
0-0: Swinging Strike 0-1: Ball 1-1: Ball 2-1: Fly out, F7 (Flyball, 7LM)
|
Bottom of the 1st over - 0 run(s), 1 hit(s), 0 error(s), 1 left on base; Chicago 0 - El Dorado 0 |
TOP OF THE 2ND |
Chicago Machine batting - Pitching for El Dorado Oilers : RHP Barton Johnson
|
Batting: RHB Lorenzo Guzmán
|
0-0: Swinging Strike 0-1: Swinging Strike 0-2: SINGLE (Flyball, 34D)
|
Batting: RHB Roberto Tobías
|
0-0: Fly out, F8 (Flyball, 8LM)
|
Batting: SHB Joaquín López
|
0-0: Ball 1-0: Ground out 6-3 (Groundball, 6S) Lorenzo Guzmán to second
|
Batting: RHB Alden Isenhood
|
0-0: Ball 1-0: Called Strike 1-1: Ground out 6-3 (Groundball, 56)
|
Top of the 2nd over - 0 run(s), 1 hit(s), 0 error(s), 1 left on base; Chicago 0 - El Dorado 0 |
BOTTOM OF THE 2ND |
El Dorado Oilers batting - Pitching for Chicago Machine : RHP Anthony Jackson
|
Batting: LHB José Hernández
|
0-0: Swinging Strike 0-1: Swinging Strike 0-2: Strikes out swinging
|
Batting: RHB Sixto Vélez
|
0-0: Ball 1-0: Ball 2-0: Fly out, F7 (Flyball, 78M)
|
Batting: RHB Bob Johnson
|
0-0: Ball 1-0: Called Strike 1-1: Ball 2-1: Called Strike 2-2: Ground out 6-3 (Groundball, 6S)
|
Bottom of the 2nd over - 0 run(s), 0 hit(s), 0 error(s), 0 left on base; Chicago 0 - El Dorado 0 |
TOP OF THE 3RD |
Chicago Machine batting - Pitching for El Dorado Oilers : RHP Barton Johnson
|
Batting: SHB Lee Townsend
|
0-0: Ground out 4-3 (Groundball, 34D)
|
Batting: RHB Pablo Sandoval
|
0-0: Ball 1-0: Called Strike 1-1: Called Strike 1-2: Ball 2-2: Foul Ball, location: 2F 2-2: Foul Ball, location: 2F 2-2: Fly out, F7 (Flyball, 7)
|
Batting: SHB Edward Bartlett
|
0-0: Called Strike 0-1: Ground out 5-3 (Groundball, 56S)
|
Top of the 3rd over - 0 run(s), 0 hit(s), 0 error(s), 0 left on base; Chicago 0 - El Dorado 0 |
BOTTOM OF THE 3RD |
El Dorado Oilers batting - Pitching for Chicago Machine : RHP Anthony Jackson
|
Batting: RHB José Carlos Caraballo
|
0-0: Swinging Strike 0-1: Swinging Strike 0-2: Strikes out swinging
|
Batting: RHB Chris Parker
|
0-0: Ball 1-0: Swinging Strike 1-1: Swinging Strike 1-2: Strikes out swinging
|
Batting: RHB José Montoya
|
0-0: Ball 1-0: Called Strike 1-1: Fly out, F8 (Flyball, 8LM)
|
Bottom of the 3rd over - 0 run(s), 0 hit(s), 0 error(s), 0 left on base; Chicago 0 - El Dorado 0 |
TOP OF THE 4TH |
Chicago Machine batting - Pitching for El Dorado Oilers : RHP Barton Johnson
|
Batting: RHB Doug Stephens
|
0-0: Ball 1-0: Ball 2-0: Foul Ball, location: 2F 2-1: Foul Ball, location: 2F 2-2: Strikes out swinging
|
Batting: LHB Tanyu Imai
|
0-0: Ball 1-0: Called Strike Error on foul ball, E7 1-2: Ground out 4-3 (Groundball, 4)
|
Batting: RHB Lorenzo Guzmán
|
0-0: Ground out 6-3 (Groundball, 56)
|
Top of the 4th over - 0 run(s), 0 hit(s), 1 error(s), 0 left on base; Chicago 0 - El Dorado 0 |
BOTTOM OF THE 4TH |
El Dorado Oilers batting - Pitching for Chicago Machine : RHP Anthony Jackson
|
Batting: LHB Ashley Pickhills
|
0-0: Ball 1-0: SINGLE (Groundball, 4MD)
|
Batting: LHB Al Gaines
|
0-0: Ball Ashley Pickhills steals 2nd base 1-0: Called Strike 1-1: Fly out, F8 (Flyball, 8RM)
|
Batting: RHB Valentín Borges
|
0-0: Ball 1-0: Ball Ashley Pickhills steals 3rd base 2-0: Foul Ball, location: 2F 2-1: Ball 3-1: Ground out U3 (Groundball, 34) Ashley Pickhills scores
|
Batting: LHB José Hernández
|
0-0: Ball 1-0: Called Strike 1-1: Ground out 3-1 (Groundball, 34)
|
Bottom of the 4th over - 1 run(s), 1 hit(s), 0 error(s), 0 left on base; Chicago 0 - El Dorado 1 |
TOP OF THE 5TH |
Chicago Machine batting - Pitching for El Dorado Oilers : RHP Barton Johnson
|
Batting: RHB Roberto Tobías
|
0-0: Ball 1-0: Called Strike 1-1: Ground out 3-1 (Groundball, 34)
|
Batting: SHB Joaquín López
|
0-0: Fly out, F4 (Popup, 4)
|
Batting: RHB Alden Isenhood
|
0-0: Ball 1-0: Fly out, F7 (Flyball, 7S)
|
Top of the 5th over - 0 run(s), 0 hit(s), 0 error(s), 0 left on base; Chicago 0 - El Dorado 1 |
BOTTOM OF THE 5TH |
El Dorado Oilers batting - Pitching for Chicago Machine : RHP Anthony Jackson
|
Batting: RHB Sixto Vélez
|
0-0: Ball 1-0: Ball 2-0: Ball 3-0: Called Strike 3-1: Called Strike 3-2: Base on Balls
|
Batting: RHB Bob Johnson
|
0-0: Called Strike 0-1: Called Strike 0-2: Ball 1-2: Ball 2-2: Strikes out swinging
|
Batting: RHB José Carlos Caraballo
|
0-0: SINGLE (Groundball, 4MD) Sixto Vélez to second
|
Batting: RHB Chris Parker
|
0-0: SINGLE (Groundball, 3S) (infield hit) Sixto Vélez to third José Carlos Caraballo to second
|
Batting: RHB José Montoya
|
0-0: Ball 1-0: Ball 2-0: Ball 3-0: Called Strike 3-1: Called Strike 3-2: Strikes out looking
|
Batting: LHB Ashley Pickhills
|
0-0: Ball 1-0: Called Strike 1-1: Ball 2-1: Swinging Strike 2-2: Ball 3-2: Fly out, F7 (Flyball, 7)
|
Bottom of the 5th over - 0 run(s), 2 hit(s), 0 error(s), 3 left on base; Chicago 0 - El Dorado 1 |
TOP OF THE 6TH |
Chicago Machine batting - Pitching for El Dorado Oilers : RHP Barton Johnson
|
Batting: SHB Lee Townsend
|
0-0: Ball 1-0: SINGLE (Flyball, 89M)
|
Batting: RHB Pablo Sandoval
|
0-0: Ball 1-0: Fly out, F9 (Flyball, 9S)
|
Batting: SHB Edward Bartlett
|
0-0: Ball 1-0: Fly out, F7 (Flyball, 7S)
|
Batting: RHB Doug Stephens
|
0-0: Ground out 6-3 (Groundball, 56)
|
Top of the 6th over - 0 run(s), 1 hit(s), 0 error(s), 1 left on base; Chicago 0 - El Dorado 1 |
BOTTOM OF THE 6TH |
El Dorado Oilers batting - Pitching for Chicago Machine : RHP Anthony Jackson
|
Batting: LHB Al Gaines
|
0-0: Ball 1-0: Ball 2-0: Ball 3-0: Base on Balls
|
Batting: RHB Valentín Borges
|
0-0: Ball 1-0: Ball 2-0: Ball 3-0: Called Strike 3-1: Called Strike 3-2: Fly out, F9 (Line Drive, 89M)
|
Batting: LHB José Hernández
|
0-0: Foul Ball, location: 2F 0-1: Ball 1-1: Called Strike 1-2: Fly out, F4 (Popup, 4MD)
|
Batting: RHB Sixto Vélez
|
0-0: Ball Pickoff Throw to First - Error! E1 Al Gaines to second 1-0: Ground out 5-3 (Groundball, 5)
|
Bottom of the 6th over - 0 run(s), 0 hit(s), 1 error(s), 1 left on base; Chicago 0 - El Dorado 1 |
TOP OF THE 7TH |
Chicago Machine batting - Pitching for El Dorado Oilers : RHP Barton Johnson
|
Batting: LHB Tanyu Imai
|
0-0: Fly out, F6 (Line Drive, 6)
|
Batting: RHB Lorenzo Guzmán
|
0-0: Called Strike 0-1: Swinging Strike 0-2: Foul Ball, location: 2F 0-2: Strikes out looking
|
Batting: RHB Roberto Tobías
|
0-0: Called Strike 0-1: Fly out, F8 (Flyball, 8LS)
|
Top of the 7th over - 0 run(s), 0 hit(s), 0 error(s), 0 left on base; Chicago 0 - El Dorado 1 |
BOTTOM OF THE 7TH |
El Dorado Oilers batting - Pitching for Chicago Machine : RHP Anthony Jackson
|
Pitching: RHP Pedro Mendoza
|
|
Batting: RHB Bob Johnson
|
0-0: Called Strike 0-1: Ball 1-1: DOUBLE (Flyball, 8LD)
|
Batting: RHB José Carlos Caraballo
|
0-0: Ball 1-0: Ground out 4-3 (Groundball, 4) Bob Johnson to third
|
Batting: RHB Chris Parker
|
0-0: Called Strike 0-1: Ball 1-1: Foul Ball, location: 2F 1-2: Strikes out looking
|
Batting: RHB José Montoya
|
0-0: Swinging Strike 0-1: Ball 1-1: Foul Ball, location: 2F 1-2: Strikes out swinging
|
Bottom of the 7th over - 0 run(s), 1 hit(s), 0 error(s), 1 left on base; Chicago 0 - El Dorado 1 |
TOP OF THE 8TH |
Chicago Machine batting - Pitching for El Dorado Oilers : RHP Barton Johnson
|
Batting: SHB Joaquín López
|
0-0: Ball 1-0: Ball 2-0: Swinging Strike 2-1: Foul Ball, location: 2F 2-2: Ball 3-2: Foul Ball, location: 2F 3-2: Ground out U3 (Groundball, 34)
|
Batting: RHB Alden Isenhood
|
0-0: SINGLE (Line Drive, 4MD)
|
Batting: SHB Lee Townsend
|
0-0: Ball Wild Pitch! Alden Isenhood to second 1-0: Fly out, F7 (Flyball, 78S)
|
Batting: RHB Pablo Sandoval
|
0-0: Ball 1-0: Foul Ball, location: 2F 1-1: Ball 2-1: Ball 3-1: Called Strike 3-2: Foul Ball, location: 2F 3-2: DOUBLE (Flyball, 78XD) Alden Isenhood scores
|
Batting: SHB Edward Bartlett
|
0-0: Called Strike 0-1: Ground out 3-1 (Groundball, 34S)
|
Top of the 8th over - 1 run(s), 2 hit(s), 0 error(s), 1 left on base; Chicago 1 - El Dorado 1 |
BOTTOM OF THE 8TH |
El Dorado Oilers batting - Pitching for Chicago Machine : RHP Pedro Mendoza
|
Batting: LHB Ashley Pickhills
|
0-0: Ball 1-0: Ball 2-0: Called Strike 2-1: Ball 3-1: Foul Ball, location: 2F 3-2: Foul Ball, location: 2F 3-2: Foul Ball, location: 2F 3-2: Ground out 3-1 (Groundball, 34)
|
Batting: LHB Al Gaines
|
0-0: Called Strike 0-1: Ball 1-1: Foul Ball, location: 2F 1-2: Ball 2-2: Strikes out looking
|
Batting: RHB Valentín Borges
|
0-0: Ball 1-0: Foul Ball, location: 2F 1-1: Foul Ball, location: 2F 1-2: Ball 2-2: Strikes out swinging
|
Bottom of the 8th over - 0 run(s), 0 hit(s), 0 error(s), 0 left on base; Chicago 1 - El Dorado 1 |
TOP OF THE 9TH |
Chicago Machine batting - Pitching for El Dorado Oilers : RHP Barton Johnson
|
Pitching: RHP Kuang-yin Yue
|
|
Batting: RHB Doug Stephens
|
0-0: Called Strike 0-1: Swinging Strike 0-2: Ball 1-2: Foul Ball, location: 2F 1-2: Strikes out looking
|
Batting: LHB Tanyu Imai
|
0-0: Ball 1-0: SINGLE (Groundball, 34D)
|
Batting: RHB Lorenzo Guzmán
|
0-0: Ball 1-0: Ball 2-0: Called Strike 2-1: Foul Ball, location: 2F 2-2: Strikes out swinging
|
Batting: RHB Roberto Tobías
|
0-0: Called Strike 0-1: Ball 1-1: DOUBLE (Line Drive, 9LD) Tanyu Imai to third
|
Batting: SHB Joaquín López
|
0-0: Foul Ball, location: 2F 0-1: Foul Ball, location: 2F 0-2: Ball 1-2: Ball Wild Pitch! Tanyu Imai scores Roberto Tobías to third 2-2: Ball 3-2: Base on Balls
|
Batting: RHB Alden Isenhood
|
0-0: Ground out 4-3 (Groundball, 34)
|
Top of the 9th over - 1 run(s), 2 hit(s), 0 error(s), 2 left on base; Chicago 2 - El Dorado 1 |
BOTTOM OF THE 9TH |
El Dorado Oilers batting - Pitching for Chicago Machine : RHP Pedro Mendoza
|
Pitching: RHP Víctor Reyes
|
|
Now at C: Héctor Cruz
|
|
Batting: LHB José Hernández
|
0-0: Ground out 4-3 (Groundball, 4)
|
Batting: RHB Sixto Vélez
|
0-0: Called Strike 0-1: Swinging Strike 0-2: Strikes out looking
|
Batting: RHB Bob Johnson
|
0-0: Ground out 1-3 (Groundball, 15S)
|
Bottom of the 9th over - 0 run(s), 0 hit(s), 0 error(s), 0 left on base; Chicago 2 - El Dorado 1 |
|